 Dungeon Crawl Stone Soup version 0.31-a0-1591-g515db51633 (webtiles) character file.

Game seed: 7999975869293274799

109 MisterAzrael the Conjurer (level 4, -6/24 HPs)
             Began as a Deep Elf Conjurer on Jan 7, 2024.
             Was an Initiate of Sif Muna.
             Killed from afar by an orc wizard (10 damage)
             ... with a puff of flame
             ... on level 3 of the Dungeon.
             The game lasted 00:03:54 (2995 turns).

MisterAzrael the Conjurer (Deep Elf Conjurer)       Turns: 2995, Time: 00:03:54

Health: -6/24      AC:  2    Str:  6    XL:     4   Next: 60%
Magic:  12/12      EV: 12    Int: 23    God:    Sif Muna [......]
Gold:   130        SH:  0    Dex: 13    Spells: 5/11 levels left

rFire   . . .        q - +2 whip "Kyoxtit" {speed, rPois}
rCold   . . .        (no shield)
rNeg    . . .        a - +0 robe
rPois   +            (no helmet)
rElec   .            (no cloak)
rCorr   .            (no gloves)
SInv    .            (no boots)
Will    .....        (no amulet)
Stlth   ++           (no ring)
HPRegen 0.24/turn    (no ring)
MPRegen 0.13/turn

%: no passive effects
@: hasted, very quick
A: no striking features
a: Renounce Religion


You were on level 3 of the Dungeon.
You worshipped Sif Muna.
Sif Muna was noncommittal.
You visited 1 branch of the dungeon, and saw 3 of its levels.

You collected 130 gold pieces.

Inventory:

Hand Weapons
 j - a +2 dagger of holy wrath
 q - the +2 whip "Kyoxtit" (weapon) {speed, rPois}
   (You found it on level 3 of the Dungeon)

   rPois:     It protects you from poison
Armour
 a - a +0 robe (worn)
Jewellery
 g - a +6 ring of strength
 o - a +6 ring of intelligence
Scrolls
 d - 3 scrolls of silence {unknown}
 f - a scroll of torment {unknown}
 h - a scroll of enchant armour {unknown}
 k - 2 scrolls of blinking {unknown}
 l - 2 scrolls of identify {unknown}
 m - a scroll of butterflies {unknown}
 p - a scroll of amnesia {unknown}
Potions
 b - a potion of magic
 c - a potion of enlightenment {unknown}
 e - a potion of haste
 i - a potion of heal wounds {unknown}
 n - a potion of mutation {unknown}


   Skills:
 - Level 2.5 Dodging
 - Level 2.5 Stealth
 + Level 4.4 Spellcasting
 * Level 5.8 Conjurations
 + Level 0.9 Earth Magic


You had 5 spell levels left.
You knew the following spells:

 Your Spells              Type           Power      Damage    Failure   Level
a - Magic Dart            Conj           100%       1d8       1%          1
b - Searing Ray           Conj           62%        2d6       1%          2
c - Stone Arrow           Conj/Erth      40%        3d9       8%          3

Your spell library contained the following spells:

 Spells                   Type           Power      Damage    Failure   Level
 Shock                    Conj/Air       72%        1d7       3%          1
 Fulminant Prism          Conj/Alch      9%         3d7       30%         4
 Iskenderun's Mystic Bla  Conj/Tloc      18%        2d6       30%         4
 Animate Armour           Summ/Erth      14%        N/A       63%         4
 Lehudib's Crystal Spear  Conj/Erth      10%        10d4      100%        8


Dungeon Overview and Level Annotations

Branches:
Dungeon (3/15)

Altars:
Cheibriados
Sif Muna
Trog
Wu Jian


Message History

You see here a +0 club.
You now have 123 gold pieces (gained 3).
An endoplasm comes into view.
You see here 7 gold pieces.
An endoplasm is nearby!
The magic dart hits the endoplasm.
The endoplasm is heavily wounded.
The endoplasm quivers.
The magic dart hits the endoplasm.
You kill the endoplasm!
Sif Muna accepts your kill.
You can't see any susceptible monsters within range! (Use Z to cast anyway.)
You now have 130 gold pieces (gained 7).
Found a stone staircase leading down.
Found a club.
Okay, then.
Found a scroll labelled REAWAI JEIPEDD.
An orc wizard and 3 orcs come into view.
The orc wizard is wielding a +0 dagger of draining.
The orc wizard shouts!
The orc shouts!
The orc hits you with a +0 hand axe. The orc closely misses you.
The orc attacks as it pursues you! The orc barely misses you.
The orc hits you with a +0 falchion!
You see here a staff of death.
You hit the orc.
The orc is lightly wounded.
The orc wizard casts a spell at you. The puff of flame hits you!
* * * LOW HITPOINT WARNING * * *
The orc barely misses you. x2
It was a potion of haste.
You feel yourself speed up. The orc wizard casts a spell at you.
The magic dart hits you.
* * * LOW HITPOINT WARNING * * *
The orc barely misses you. x2
The orc wizard closely misses you.
The orc wizard gestures at you while chanting.
The puff of flame hits you!
You die...

....##### .# #
##...... #. ....#
#....#.# #. .### .....
#....# #. . ... #...#
#....# # .. #.##.####.
# #....# .. #.
.....?##.### #.....
#.##. .....#..#
#....###+######..##.##
#.@..o...|.........
#.....o...).#####.#
#......o.#......#.#
#.....o.....###.#.#
#...........+ #.#
#...........# #.#
############# #.# #.#
#.#


You could see an orc wizard and 3 orcs.

Vanquished Creatures
  Terence (D:3)
  A white imp (D:3)
  4 dart slugs
  2 ribbon worms (D:2)
  3 orcs (D:3)
  2 ball pythons (D:1)
  6 bats
  8 endoplasms
  6 giant cockroaches
  5 goblins
  5 hobgoblins
  A jackal (D:2)
  8 frilled lizards
  3 kobolds (D:2)
  3 rats
58 creatures vanquished.

Notes
Turn   | Place    | Note
-------+----------+-------------------------------------------
     0 | D:1      | MisterAzrael the Deep Elf Conjurer began the quest for the
                  | Orb.
     0 | D:1      | Reached XP level 1. HP: 10/10 MP: 6/6
   189 | D:1      | Found a faded altar of an unknown god.
   309 | D:1      | Reached XP level 2. HP: 15/15 MP: 2/8
   312 | D:1      | Learned a level 2 spell: Searing Ray
   524 | D:1      | Reached skill level 5 in Conjurations
   839 | D:1      | Reached XP level 3. HP: 19/19 MP: 7/10
  1800 | D:2      | Found a snail-covered altar of Cheibriados.
  2357 | D:3      | Learned a level 3 spell: Stone Arrow
  2425 | D:3      | Reached XP level 4. HP: 24/24 MP: 0/12
  2734 | D:3      | Noticed Terence
  2735 | D:3      | Found a bloodstained altar of Trog.
  2739 | D:3      | Killed Terence
  2822 | D:3      | Found a shimmering blue altar of Sif Muna.
  2826 | D:3      | Got Sif Muna's Octavo of the Brume
  2828 | D:3      | Became a worshipper of Sif Muna the Loreminder
  2852 | D:3      | Identified the +2 whip "Kyoxtit" {speed, rPois}
  2920 | D:3      | Found an ornate altar of the Wu Jian Council.
  2995 | D:3      | Killed from afar by an orc wizard

Illustrated notes

Levels and vault maps discovered:
D:1:      hellmonk_arrival_library, layout_basic,
          shapermc_ecumenical_altar_ellora, minmay_misc_feat_square,
          bh_walls_and_bars
D:2:      minmay_inner_zag, layout_basic, basic_altar
D:3:      layout_basic, nzn_overflow_gifts_of_might_and_magic,
          nicolae_wu_jian_wuxing_cycle, nicolae_titane

Skill      XL: |  1  2  3 |
---------------+----------+-----
Conjurations   | 5 |  5.8
Spellcasting   | 4 |  4.4
Dodging        | |  2.5
Stealth        | |  2.5
Earth Magic    | |  0.9

Action                     |  1- 3 |  4- 6 || total
---------------------------+-------+-------++-------
  Melee: Unarmed           |     7 |       ||     7
         Dagger            |    15 |     2 ||    17
         Punch             |     1 |       ||     1
         Whip              |       |     1 ||     1
   Cast: Magic Dart        |    82 |    15 ||    97
         Searing Ray       |     3 |     1 ||     4
         Stone Arrow       |     3 |       ||     3
    Use: Potion            |       |     1 ||     1
 Armour: Robe              |    12 |     8 ||    20
  Dodge: Dodged            |    12 |     9 ||    21

Table legend: (Time is in decaauts)
 A = Elapsed time spent in this place.
 B = Non-inter-level travel time spent in this place.
 C = Inter-level travel time spent in this place.
 D = Time resting spent in this place.
 E = Time spent auto-exploring this place.
 F = Levels seen in this place.
 G = Mean time per level.
                   A        B        C        D        E       F      G
               +--------+--------+--------+--------+--------+-----+--------+
         Total |   2991 |   2938 |     53 |    595 |   2027 |   3 |  997.0 |
       Dungeon |   2991 |   2938 |     53 |    595 |   2027 |   3 |  997.0 |
               +--------+--------+--------+--------+--------+-----+--------+

Top non-repeatable levels by time:
     D:2: 1240 daAuts
     D:1: 1062 daAuts
     D:3: 689 daAuts
